 Dungeon Crawl Stone Soup version 0.25-a0-571-gb5e01bd (webtiles) character file.

Game seed: 7463067477038265543, levelgen mode: deterministic

105 b5mith the Skirmisher (level 4, -3/41 HPs)
             Began as a Minotaur Berserker on Feb 29, 2020.
             Was a Believer of Trog.
             Slain by a gnoll
             ... wielding a +0 flail
              (12 damage)
             ... on level 5 of the Dungeon.
             The game lasted 00:05:02 (2130 turns).

b5mith the Skirmisher (Minotaur Berserker)          Turns: 2130, Time: 00:05:02

Health: -3/41      AC:  7    Str: 23    XL:     4   Next: 54%
Magic:  3/3        EV:  6    Int:  4    God:    Trog [**....]
Gold:   107        SH:  0    Dex:  9    Spells: 3/3 levels left

rFire    . . .     SeeInvis .   s - +0 flail
rCold    . . .     Gourm    .   (no shield)
rNeg     . . .     Faith    .   m - +0 scale mail
rPois    .         Spirit   .   (helmet restricted)
rElec    .         Reflect  .   (no cloak)
rCorr    .         Harm     .   (no gloves)
MR       .....                  (no boots)
Stlth    ..........             (no amulet)
HPRegen  0.13/turn              (no ring)
MPRegen  0.08/turn              (no ring)

@: held
A: retaliatory headbutt, horns 2
a: Berserk, Trog's Hand, Renounce Religion


You were on level 5 of the Dungeon.
You worshipped Trog.
Trog was pleased with you.
You were not hungry.

You visited 1 branch of the dungeon, and saw 4 of its levels.

You collected 107 gold pieces.

Inventory:

Hand Weapons
 a - a +0 mace
 s - a +0 flail (weapon)
   (You took it off a gnoll on level 5 of the Dungeon)
Missiles
 h - 51 poisoned darts (quivered)
Armour
 b - a +0 animal skin
 m - a +0 scale mail (worn)
   (You found it on level 2 of the Dungeon)
Jewellery
 k - a cursed ring of teleportation {unknown}
   (You found it on level 2 of the Dungeon)
 q - an uncursed ring of resist corrosion {unknown}
   (You found it on level 2 of the Dungeon)
 t - a +1 ring of evasion {unknown}
   (You found it on level 5 of the Dungeon)
Wands
 l - a wand of digging (6)
   (You found it on level 2 of the Dungeon)
 r - a wand of flame (29)
   (You found it on level 5 of the Dungeon)
Scrolls
 d - a scroll of fog {unknown}
 e - 2 scrolls of remove curse {unknown}
 g - a scroll of enchant weapon {unknown}
 i - a scroll of identify {unknown}
 j - a scroll of amnesia {unknown}
 o - a scroll of fear {unknown}
Potions
 n - a potion of stabbing {unknown}
 p - a potion of berserk rage {unknown}
Comestibles
 c - 4 rations
 f - 3 chunks of flesh


   Skills:
 + Level 4.8 Fighting
 - Level 3.6 Maces & Flails
 + Level 3.8 Armour
 + Level 3.5 Dodging


You had 3 spell levels left.
You didn't know any spells.
Your spell library was empty.

Dungeon Overview and Level Annotations

Branches:
Dungeon (3/15)

Altars:

Shops:
D:5 [


Innate Abilities, Weirdness & Mutations

You reflexively headbutt those who attack you in melee.
You have a pair of horns on your head.


Message History

The gnoll hits you from afar with a +0 spear. 3 gnolls and a shadow imp come into view.
The gnoll shouts! x2
The gnoll hits you with a +0 spear. The gnoll misses you.
You furiously retaliate!
You headbutt the gnoll, but do no damage.
The gnoll moves out of view.
You closely miss the gnoll. The gnoll hits you with a +0 spear.
The gnoll completely misses you. You furiously retaliate!
You headbutt the gnoll. You thump the gnoll!
You kill the gnoll!
Trog accepts your kill.
A gnoll comes into view.
You barely miss the gnoll. Your headbutt misses the gnoll.
The gnoll hits you but does no damage. The gnoll barely misses you.
You furiously retaliate!
You headbutt the gnoll. The gnoll barely misses you.
You closely miss the gnoll.
The gnoll is moderately wounded.
The gnoll hits you. The gnoll hits you with a +0 spear. The gnoll hits you.
You barely miss the gnoll.
The gnoll is moderately wounded.
The gnoll hits you with a +0 spear!
* * * LOW HITPOINT WARNING * * *
The gnoll hits you but does no damage.
The gnoll hits you from afar with a +0 spear.
* * * LOW HITPOINT WARNING * * *
The gnoll throws a throwing net.
The throwing net hits you.
You become entangled in the net!
You see here a throwing net.
You struggle against the net.
The gnoll closely misses you.
You struggle against the net.
The gnoll hits you but does no damage. The gnoll barely misses you.
You shred the net and break free! The gnoll barely misses you.
The gnoll closely misses you.
The gnoll throws a throwing net.
The throwing net barely misses you.
The gnoll throws a throwing net.
The throwing net hits you.
You become entangled in the net!
You see here a throwing net.
You struggle against the net.
You struggle against the net.
You rip the net and break free!
The gnoll hits you.
* * * LOW HITPOINT WARNING * * *
The gnoll throws a throwing net.
The throwing net hits you.
You become entangled in the net!
You see here a throwing net.
You struggle against the net.
The gnoll hits you but does no damage.
You struggle against the net.
The gnoll throws a stone.
The stone hits you but does no damage. The gnoll hits you with a +0 flail!
You die...

........#
#.....#.###
..........##
......... .
.......#
...##.....#
..........#
#.@g.#
#####.g.#
#...##g.#
#.∩.##g(#
#...##..#
...#...#.g.#
#...........#
#########..5#
..........#


You could see 5 gnolls and a shadow imp.

Vanquished Creatures
  3 gnolls (D:5)
  2 adders
  An ooze (D:3)
  2 worms
  A leopard gecko (D:2)
  5 bats
  2 giant cockroaches (D:1)
  6 goblins
  2 hobgoblins
  6 jackals (D:1)
  A quokka (D:2)
  3 frilled lizards
  6 kobolds
  8 rats
48 creatures vanquished.

Vanquished Creatures (others)
  An adder (D:3)
1 creature vanquished.

Grand Total: 49 creatures vanquished

Notes
Turn   | Place    | Note
-------+----------+-------------------------------------------
     0 | D:1      | b5mith the Minotaur Berserker began the quest for the Orb.
     0 | D:1      | Reached XP level 1. HP: 19/19 MP: 0/0
   118 | D:1      | Reached XP level 2. HP: 16/27 MP: 1/1
   331 | D:1      | Reached skill level 4 in Fighting
   647 | D:1      | Reached ** piety under Trog
   919 | D:2      | Reached XP level 3. HP: 32/33 MP: 2/2
  1481 | D:2      | Found a faded altar of an unknown god.
  1849 | D:3      | Reached XP level 4. HP: 33/41 MP: 3/3
  1928 | D:3      | You fall into a shaft and drop 2 floors!
  1928 | D:5      | Entered Level 5 of the Dungeon
  1942 | D:5      | Found Unlitotu's Armour Boutique.
  2130 | D:5      | Slain by a gnoll

Levels and vault maps discovered:
D:1:      minmay_arrival_wavy_path, layout_loops_ring,
          chequers_serial_rivers_room_a
D:2:      layout_basic, chequers_ecumenical_altar_simple_redux
D:3:      layout_basic, lemuel_blue_sif_altar, fiery_altar_vehumet, first_ration
D:5:      layout_cave_pools, minmay_temple_entry_statues_pillars,
          serial_gnoll_camp, gnoll_camp_mini_doghouse, gnoll_camp_mini_shop,
          gnoll_camp_medium_01, gnoll_camp_mini_house, gnoll_camp_mini_shop,
          gnoll_camp_medium_02

Skill      XL: |  1  2  3 |
---------------+----------+-----
Fighting       | 4 |  4.8
Armour         | 3 |  3.8
Dodging        | 3 |  3.5
Maces & Flails | |  3.6

Action                   |  1- 3 |  4- 6 || total
-------------------------+-------+-------++-------
Melee: Mace              |    94 |    16 ||   110
       Headbutt          |    15 |     1 ||    16
       Flail             |       |     5 ||     5
Throw: Dart              |    10 |       ||    10
  Eat: Chunk             |     2 |       ||     2
       Ration            |     1 |       ||     1
Armor: Animal skin       |    12 |       ||    12
       Scale mail        |    14 |    11 ||    25
Dodge: Dodged            |    54 |    15 ||    69

Table legend:
 A = Non-vault XP
 B = Vault XP
 C = Vault XP percentage of total XP
 D = Non-vault monster count
 E = Vault monster count
 F = Vault count percentage of total count
                 A         B        C        D         E       F
            +---------+---------+-------+---------+---------+-------
      Total |     108 |      43 |  28.5 |      45 |       3 |   6.2
            +---------+---------+-------+---------+---------+-------
        D:1 |      38 |       0 |   0.0 |      23 |       0 |   0.0
        D:2 |      42 |       0 |   0.0 |      17 |       0 |   0.0
        D:3 |      28 |       0 |   0.0 |       5 |       0 |   0.0
        D:5 |       0 |      43 | 100.0 |       0 |       3 | 100.0
            +---------+---------+-------+---------+---------+-------
